 Dungeon Crawl Stone Soup version 0.17-a0-530-gbe3d13a (webtiles) character file.

2240 Hanyuu the Covert (level 9, -8/68 HPs)
             Began as a Vampire Assassin on Apr 12, 2015.
             Was a Believer of Dithmenos.
             Mangled by Duvessa
             ... wielding a +4 short sword of flaming
              (9 damage)
             ... on level 5 of the Dungeon.
             The game lasted 00:29:13 (8270 turns).

Hanyuu the Covert (Vampire Assassin)                Turns: 8270, Time: 00:29:13

Health: -8/68      AC:  8    Str: 10    XL:     9   Next: 14%
Magic:  9/9        EV: 17    Int: 14    God:    Dithmenos [**....]
Gold:   439        SH:  0    Dex: 18    Spells: 0 memorised, 8 levels left

rFire  + . .     SeeInvis +     b - +0 blowgun
rCold  + + .     Clarity  .     c - +0 robe
rNeg   + + +     SustAb   .     (no shield)
rPois  +         Gourm    .     r - +0 helmet
rElec  .         Spirit   .     K - +2 cloak
rCorr  +         Warding  .     s - +0 pair of gloves
rMut   .         Stasis   .     o - +0 pair of boots
MR     .....                    y - amulet of resist corrosion
Stlth  +++++++...               l - ring of protection from fire
                                g - +1 ring of evasion

@: regenerating slowly, wreathed by umbra, not resistant to hostile
enchantments, extremely stealthy
A: fangs 3, see invisible, unbreathing
a: Bat Form, Shadow Step, Renounce Religion


You were on level 5 of the Dungeon.
You worshipped Dithmenos.
Dithmenos was pleased with you.
You were near bloodless.

You visited 2 branches of the dungeon, and saw 8 of its levels.

You collected 439 gold pieces.

Inventory:

Hand weapons
 a - a +2 dagger
 b - a +0 blowgun (weapon)
 I - a +0 dagger of venom
Missiles
 f - 2 curare-tipped needles
 v - 27 poisoned needles (quivered)
 C - a throwing net
Armour
 c - a +0 robe (worn)
 o - a +0 pair of boots (worn)
 r - a +0 helmet (worn)
 s - a +0 pair of gloves (worn)
 t - a +0 leather armour
 K - a +2 cloak (worn)
Jewellery
 g - a +1 ring of evasion (left hand)
 i - an uncursed ring of fire
 l - a ring of protection from fire (right hand)
 m - an uncursed amulet of resist mutation
 p - an uncursed amulet of stasis
 y - an amulet of resist corrosion (around neck)
Scrolls
 h - 6 scrolls of remove curse
 j - 3 scrolls of amnesia
 n - a scroll of enchant weapon {unknown}
 q - a scroll of teleportation {unknown}
 w - 2 scrolls of enchant armour
 E - 2 scrolls of identify
 G - 2 scrolls of recharging
 H - 2 scrolls of random uselessness
 J - a scroll of magic mapping
Potions
 d - 2 potions of curing
 e - a potion of blood
 k - a potion of restore abilities
 x - a potion of agility {unknown}
 z - 3 potions of ambrosia {unknown}
 A - a potion of cancellation
 B - a potion of poison {unknown}
 D - a potion of lignification {unknown}
 F - a potion of might {unknown}


   Skills:
 + Level 5.2 Fighting
 + Level 8.6 Short Blades
 - Level 2.0 Throwing
 + Level 5.7 Dodging
 + Level 10.3 Stealth


You had 8 spell levels left.
You didn't know any spells.

Dungeon Overview and Level Annotations

Branches:
Dungeon (7/15)             Temple (1/1) D:4

Altars:
Ashenzari
Dithmenos
Elyvilon
Fedhas
Gozag
Kikubaaqudgha
Makhleb
Nemelex Xobeh
Okawaru
Qazlal
Ru
Sif Muna
Trog
Vehumet
Xom
Yredelemnul
Zin
The Shining One

Annotations:
D:5 Duvessa


Innate Abilities, Weirdness & Mutations

You heal slowly.
You have razor-sharp teeth.
You have supernaturally acute eyesight.
You can survive without breathing.


Message History

Press: ? - help, Shift-Dir - straight line, f/p - Duvessa
Aim: Duvessa, wielding a short sword of flaming (lightly wounded, berserk, fast, unusually strong, poisoned, umbra)
You shoot a poisoned needle.
The poisoned needle barely misses Duvessa.
Duvessa misses you.
Firing (i - inventory. (,) - cycle):
v - 28 poisoned needles (quivered)
Press: ? - help, Shift-Dir - straight line, f/p - Duvessa
Aim: Duvessa, wielding a short sword of flaming (lightly wounded, berserk, fast, unusually strong, poisoned, umbra)
You shoot a poisoned needle. The poisoned needle hits Duvessa!
Duvessa looks even sicker.
Duvessa is lightly wounded.
Duvessa hits you with a short sword of flaming!
Duvessa burns you.
* * * LOW HITPOINT WARNING * * *
Duvessa hits you with a short sword of flaming!
* * * LOW HITPOINT WARNING * * *
Duvessa burns you.
* * * LOW HITPOINT WARNING * * *
Duvessa hits you with a short sword of flaming!
You die...

#.....##.##.# #.####.###
#.....##.##.# #.#......#
######.....##.##.###.#.##.#.#
.....+.....'.......(>#....#.#
....##.....###.#(#######..#.#
....##.....# #.#.# #..#.#
....###'######.#.# #..#.#
....###........#e# #..#.#
#..............#@##########.#
+..............#............#
#....########################
+....#..........#
#....#.########.# #....#.#
#.# ##..<#.# #.# ####.#.####
#.# .....#....# #.#


You could see Duvessa (berserk).

Vanquished Creatures
  The ghost of trelanon the Frost Mage, an experienced DEIE of Vehumet (D:6)
  Edmund (D:4)
  3 sky beasts
  A necrophage (D:7)
  A phantom (D:7)
  A centaur (D:4)
  Blork the orc (D:6)
  Dowan (D:6)
  A wight (D:6)
  5 killer bees (D:7)
  3 crimson imps
  2 jellies
  A quasit (D:4)
  Crazy Yiuf (D:2)
  4 iguanas
  7 worker ants
  4 orc wizards
  A hound skeleton (D:6)
  4 gnolls (D:4)
  A shadow imp (D:7)
  11 adders
  5 worms
  2 giant geckos
  An ooze (D:2)
  20 orcs
  A ball python (D:2)
  5 bats
  2 bat skeletons
  A bat zombie (D:6)
  A giant cockroach (D:3)
  9 hobgoblins
  14 jackals
  13 kobolds
  2 quokkas
  2 giant newts (D:2)
  10 goblins
  A quokka skeleton (D:5)
  14 rats
  A fungus (D:2)
159 creatures vanquished.

Notes
Turn   | Place    | Note
--------------------------------------------------------------
     0 | D:1      | Hanyuu, the Vampire Assassin, began the quest for the Orb.
     0 | D:1      | Reached XP level 1. HP: 16/16 MP: 1/1
   186 | D:1      | Reached skill level 6 in Stealth
   214 | D:1      | Reached XP level 2. HP: 13/22 MP: 2/2
  1191 | D:2      | Reached XP level 3. HP: 25/27 MP: 3/3
  1355 | D:2      | Reached XP level 4. HP: 18/34 MP: 4/4
  1668 | D:2      | Noticed Crazy Yiuf
  1683 | D:2      | Killed Crazy Yiuf
  2089 | D:3      | Reached XP level 5. HP: 39/39 MP: 5/5
  2504 | D:4      | Reached skill level 7 in Stealth
  2673 | D:4      | Noticed a centaur
  2699 | D:4      | Reached XP level 6. HP: 33/47 MP: 6/6
  2828 | D:4      | Noticed Edmund
  2834 | D:4      | Killed a centaur
  2834 | D:4      | Reached skill level 5 in Short Blades
  3523 | D:4      | Found a staircase to the Ecumenical Temple.
  3535 | Temple   | Entered the Ecumenical Temple
  3634 | Temple   | Became a worshipper of Dithmenos the Shadowed
  3847 | D:4      | Killed Edmund
  3847 | D:4      | Reached XP level 7. HP: 42/52 MP: 7/7
  4280 | D:4      | Reached skill level 8 in Stealth
  4447 | D:5      | Entered Level 5 of the Dungeon
  4564 | D:5      | Found a glowing golden altar of the Shining One.
  5847 | D:6      | Reached XP level 8. HP: 37/60 MP: 8/8
  5921 | D:6      | Noticed Blork the orc
  5936 | D:6      | Killed Blork the orc
  6032 | D:6      | HP: 1/60 [iguana (5)]
  6747 | D:6      | Noticed trelanon's ghost (experienced DEIE)
  7339 | D:7      | Reached skill level 9 in Stealth
  7545 | D:7      | Acquired Dithmenos's first power
  7658 | D:7      | Reached skill level 5 in Dodging
  7850 | D:7      | Reached skill level 5 in Fighting
  8226 | D:6      | Killed trelanon's ghost
  8226 | D:6      | Reached skill level 10 in Stealth
  8226 | D:6      | Reached XP level 9. HP: 41/68 MP: 9/9
  8250 | D:6      | Noticed Duvessa
  8250 | D:6      | Noticed Dowan
  8252 | D:6      | Killed Dowan
  8268 | D:5      | HP: 1/68 [Duvessa/short sword of flaming (3)]
  8270 | D:5      | Mangled by Duvessa

Action                   |  1- 3 |  4- 6 |  7- 9 || total
-------------------------+-------+-------+-------++-------
Melee: Dagger            |   109 |    88 |   386 ||   583
       Unarmed           |       |       |     2 ||     2
 Fire: Blowgun           |     9 |    63 |    47 ||   119
Throw: Throwing net      |       |       |     2 ||     2
  Use: Potion            |     1 |     1 |     5 ||     7
       Scroll            |     1 |     5 |     5 ||    11
 Stab: Sleeping          |     9 |    20 |    31 ||    60
       Distracted        |       |     3 |     3 ||     6
       Held in net/web   |       |       |     1 ||     1
       Invisible         |       |       |     4 ||     4
  Eat: Corpse            |     1 |     3 |       ||     4
